 Dungeon Crawl Stone Soup version 0.20-a0-709-gd40821f (webtiles) character file.

34 Gorglomux the Changer (level 3, 0/26 HPs)
             Began as a Merfolk Transmuter on Feb 21, 2017.
             Slain by a goblin
             ... wielding a cursed -1 club
             ... led by Robin
              (1 damage)
             ... on level 2 of the Dungeon.
             The game lasted 00:02:08 (1127 turns).

Gorglomux the Changer (Merfolk Transmuter)          Turns: 1127, Time: 00:02:08

Health: 0/26       AC:  2    Str: 10    XL:     3   Next: 31%
Magic:  5/6        EV: 13    Int: 13    God:
Gold:   86         SH:  0    Dex: 14    Spells: 0/6 levels left

rFire    . . .     SeeInvis .     - Unarmed
rCold    . . .     Gourm    .   b - +0 robe
rNeg     . . .     Faith    .   (no shield)
rPois    .         Spirit   .   (no helmet)
rElec    .         Reflect  .   (no cloak)
rCorr    .         Harm     .   (no gloves)
MR       .....                  (no boots)
Stlth    +.........             (no amulet)
Regen    0.1/turn               (no ring)
MPRegen  0.1/turn               e - ring of wizardry

@: hasted, very quick
A: change form in water, swift swim, stealthy swim
a: no special abilities


You were on level 2 of the Dungeon.
You were not hungry.

You visited 1 branch of the dungeon, and saw 2 of its levels.

You collected 86 gold pieces.

Inventory:

Missiles
 a - 32 arrows
Armour
 b - a +0 robe (worn)
Jewellery
 e - a ring of wizardry (left hand)
Scrolls
 f - a scroll of remove curse {unknown}
 j - a scroll of identify {unknown}
 k - a scroll of teleportation {unknown}
Books
 c - a book of Changes

   Spells                             Type                      Level
   a - Beastly Appendage              Transmutation                1
   b - Sticks to Snakes               Transmutation                2
   c - Spider Form                    Transmutation/Poison         3
   d - Ice Form                       Ice/Transmutation            4
   e - Blade Hands                    Transmutation                5
Comestibles
 d - 2 bread rations
 g - 4 chunks of flesh
 h - a royal jelly


   Skills:
 - Level 1.1 Fighting
 - Level 2.6 Dodging
 - Level 3.2 Unarmed Combat
 - Level 2.0 Spellcasting
 + Level 4.9 Transmutations


You couldn't memorise any spells.
You knew the following spells:

 Your Spells              Type           Power        Failure   Level  Hunger
a - Beastly Appendage     Tmut           ##....       1%          1    ##.....
b - Sticks to Snakes      Tmut           ##......     3%          2    ###....
c - Spider Form           Tmut/Pois      #.........   14%         3    ####...


Dungeon Overview and Level Annotations

Branches:
Dungeon (2/15)

Altars:

Annotations:
D:2 Ijyb, Robin


Message History

Your +0 robe unmelds from your body.
You see here a goblin corpse.
The goblin shouts!
Robin throws the goblin at you! The goblin completely misses you.
The goblin hits you with a club!
* * * LOW HITPOINT WARNING * * *
Robin roars a battlecry!
The hobgoblin goes into a battle-frenzy!
Robin throws the goblin at you!
* * * LOW HITPOINT WARNING * * *
There is a stone staircase leading down here.
You barely miss the goblin.
The hobgoblin no longer looks unusually strong.
The goblin closely misses you. The goblin hits you with a club.
* * * LOW HITPOINT WARNING * * *
Robin throws the goblin at you!
It was a potion of haste.
You feel yourself speed up. The goblin barely misses you.
The goblin hits you with a club.
You die...

..
#...........g.g........
..#
.#.....#g##.####......
### #...†g...#.####......
#...g#####.##........
#....g)g.g.##.....###
###gg####.......#.# #
#..(g..##.###.....###
#####.#.g#.##.# #...##...
#.....#g@#.##.###...##...
#.######g#.#........##...
#.#...######.##...
#.#.#.# #.##... #.###.#
..##.## #.....# ####.#
####### ..#


You could see Ijyb, Robin, 2 hobgoblins and 5 goblins.

Vanquished Creatures
  An ooze (D:2)
  A dart slug (D:2)
  9 goblins
  A hobgoblin (D:2)
  4 jackals (D:1)
  A kobold (D:2)
  3 bats
  A frilled lizard (D:1)
  3 rats
24 creatures vanquished.

Notes
Turn   | Place    | Note
-------+----------+-------------------------------------------
     0 | D:1      | Gorglomux the Merfolk Transmuter began the quest for the Orb.
     0 | D:1      | Reached XP level 1. HP: 15/15 MP: 3/3
   103 | D:1      | Reached skill level 3 in Transmutations
   233 | D:1      | Reached XP level 2. HP: 9/21 MP: 3/5
   242 | D:1      | HP: 1/21 [jackal (3)]
   266 | D:1      | Learned a level 2 spell: Sticks to Snakes
   631 | D:1      | Reached skill level 4 in Transmutations
   865 | D:2      | Noticed Robin
  1021 | D:2      | Reached XP level 3. HP: 26/26 MP: 4/6
  1095 | D:2      | Learned a level 3 spell: Spider Form
  1117 | D:2      | Noticed Ijyb
  1126 | D:2      | HP: 1/26 [goblin/club[Robin] (2)]
  1127 | D:2      | Slain by a goblin

Vault maps used:
D:1:      ncdulo_lavacross
D:2:      uniq_crazy_yiuf_cottage, uniq_iyjb, uniq_robin

Skill      XL: |  1  2 |
---------------+-------+-----
Transmutations | 3 4 |  4.9
Fighting       | |  1.1
Dodging        | |  2.6
Unarmed Combat | |  3.2
Spellcasting   | |  2.0

Action                   || total
-------------------------++-------
Melee: Unarmed           ||    93
       Headbutt          ||     9
 Cast: Beastly Appendage ||    12
       Spider Form       ||     1
  Use: Potion            ||     1
  Eat: Chunk             ||     1
Armor: Robe              ||    20
Dodge: Dodged            ||    97
